 Dungeon Crawl Stone Soup version 0.28-a0-1510-gd0f6b136d3 (webtiles) character file.

Game seed: 1663371613709746535

0 sarana the Chiller (level 1, 0/13 HPs)
             Began as a Merfolk Ice Elementalist on Jan 14, 2022.
             Slain by a jackal (2 damage)
             ... on level 1 of the Dungeon.
             The game lasted 00:03:40 (135 turns).

sarana the Chiller (Merfolk Ice Elementalist)        Turns: 135, Time: 00:03:41

Health: 0/13       AC:  2    Str:  8    XL:     1   Next: 10%
Magic:  3/3        EV: 12    Int: 14    God:
Gold:   0          SH:  0    Dex: 14    Spells: 3/4 levels left

rFire   . . .      SeeInvis .   (no weapon)
rCold   . . .      Faith    .   (no shield)
rNeg    . . .      Spirit   .   a - +0 robe
rPois   .          Reflect  .   (no helmet)
rElec   .          Harm     .   (no cloak)
rCorr   .          Rampage  .   (no gloves)
Will    .....                   (no boots)
Stlth   ++........              (no amulet)
HPRegen 0.04/turn               (no ring)
MPRegen 0.08/turn               (no ring)

@: no status effects
A: (nimble swimmer 2), mertail
a: no special abilities


You were on level 1 of the Dungeon.
You visited 1 branch of the dungeon, and saw 1 of its levels.

Inventory:

Armour
 a - a +0 robe (worn)


   Skills:
 + Level 2.6 Dodging
 + Level 2.1 Stealth
 + Level 2.0 Spellcasting
 + Level 4.4 Ice Magic


You had 3 spell levels left.
You knew the following spells:

 Your Spells              Type           Power      Damage    Failure   Level
a - Freeze                Ice            52%        1d7       3%          1

Your spell library contained the following spells:

 Spells                   Type           Power      Damage    Failure   Level
 Frozen Ramparts          Ice            26%        1d4       12%         3
 Ozocubu's Armour         Ice            13%        N/A       12%         3
 Hailstorm                Conj/Ice       7%         3d4       67%         4


Dungeon Overview and Level Annotations

Branches:
Dungeon (1/15)

Altars:


Innate Abilities, Weirdness & Mutations

((You are very nimble when in or above water. (Stealth+, EV+, Speed+++)))
Your lower body shifts to a powerful aquatic tail in water.


Message History

You see here 10 sling bullets.
Found a ring mail.
Found a stone staircase leading down.
You open the door. 2 jackals come into view. 2 jackals come into view.
The jackal barks! x2
The jackal bites you.
There is an open door here.
You hit the jackal but do no damage. You hit the jackal but do no damage.
The jackal bites you.
You hit the jackal.
The jackal is heavily wounded.
The jackal bites you. The jackal misses you.
The jackal bites you but does no damage. x2
You hit the jackal but do no damage.
The jackal is heavily wounded.
The jackal bites you.
The jackal bites you but does no damage.
The jackal misses you. The jackal closely misses you.
You closely miss the jackal. You punch the jackal, but do no damage.
The jackal is heavily wounded.
The jackal barely misses you. The jackal bites you.
The jackal closely misses you.
The jackal bites you but does no damage.
The jackal misses you. The jackal barely misses you. The jackal bites you.
The jackal misses you.
You see here a +0 ring mail.
The jackal bites you.
The jackal bites you but does no damage.
The jackal misses you.
The jackal bites you but does no damage.
You hit the jackal but do no damage. The jackal barely misses you.
The jackal bites you.
* * * LOW HITPOINT WARNING * * *
The jackal closely misses you.
The jackal bites you but does no damage.
You closely miss the jackal. The jackal bites you.
You die...

.. #.# #..# #..≈ ..
#.# #..###########[..
..
#.#.##..#(...........≈
#. #.#
....#.##########≈P
#.##.####.##.#...# ##≈
#>...............# ##
#.........##.#....# #
#......hhh##.#....# #
#......h@[##.# ...# #
#.##'####.##.# ##..# #
# #..h....##.# #.# #
#.......##.# .# #.
#.......##.# #.
.#+####... #. .. ####
#. .. #. #.. #.


You could see 4 jackals.

Vanquished Creatures
  A frilled lizard (D:1)
1 creature vanquished.

Notes
Turn   | Place    | Note
-------+----------+-------------------------------------------
     0 | D:1      | sarana the Merfolk Ice Elementalist began the quest for the
                  | Orb.
     0 | D:1      | Reached XP level 1. HP: 13/13 MP: 3/3
   135 | D:1      | Slain by a jackal

Illustrated notes

Levels and vault maps discovered:
D:1:      ldierk_water_garden, layout_basic, minmay_octomino_c4

Action                   || total
-------------------------++-------
Melee: Unarmed           ||     9
       Punch             ||     1
 Stab: Sleeping          ||     1
Armor: Robe              ||     7
Dodge: Dodged            ||    11

Table legend: (Time is in decaauts)
 A = Elapsed time spent in this place.
 B = Non-inter-level travel time spent in this place.
 C = Inter-level travel time spent in this place.
 D = Time resting spent in this place.
 E = Time spent auto-exploring this place.
 F = Levels seen in this place.
 G = Mean time per level.
                   A        B        C        D        E       F      G
               +--------+--------+--------+--------+--------+-----+--------+
         Total |    130 |     32 |     98 |      0 |      0 |   1 |  130.0 |
       Dungeon |    130 |     32 |     98 |      0 |      0 |   1 |  130.0 |
               +--------+--------+--------+--------+--------+-----+--------+

Top non-repeatable levels by time:
     D:1: 130 daAuts
